[Event "Titled Tuesday Blitz April 4 Early 2023"]
[White "Mortazavi, Ali"]
[Black "De Souza, Cristiano Gomes"]
[WhiteFideId "401323"]
[BlackFideId "2151758"]
[WhiteElo "2339"]
[BlackElo "2068"]
[Result "1-0"]
[Round "03"]
[TimeControl "180+2"]
[Date "2023.04.04"]
[WhiteClock "0:01:08"]
[BlackClock "0:01:33"]

1. e4 c5 2. Nc3 d6 3. f4 a6 4. Nf3 Bg4 5. h3 Bxf3 6. Qxf3 Nc6 7. Bc4 Nd4 8. Qd1 g6 9. a4 Bg7 10. O-O Nf6 11. d3 O-O 12. Ne2 Nxe2+ 13. Qxe2 e6 14. Ba2 Nh5 15. Kh2 d5 16. Qf3 dxe4 17. dxe4 Nf6 18. Be3 Qc7 19. Bc4 Rad8 20. c3 Qc6 21. e5 Nd5 22. Bg1 Qc7 23. a5 Nxf4 24. Kh1 Bxe5 25. Rae1 Bd6 26. Be3 Nh5 27. Bh6 Ng3+ 28. Kg1 Nxf1 29. Qf6 1-0


[Site "https://www.chess.com"]

[Event "Titled Tuesday Blitz April 4 Early 2023"]
[White "Gubajdullin, Alexei"]
[Black "babbilator"]
[WhiteFideId "4141202"]
[WhiteElo "2279"]
[BlackElo "2258"]
[Result "1-0"]
[Round "03"]
[TimeControl "180+2"]
[Date "2023.04.04"]
[WhiteClock "0:02:01"]
[BlackClock "0:02:06"]

1. d4 Nf6 2. Nf3 e6 3. Bf4 c5 4. e3 b6 5. h3 Bb7 6. Nbd2 Be7 7. Be2 O-O 8. O-O d6 9. a4 a6 10. Nc4 cxd4 11. exd4 Qc7 12. a5 b5 13. Nb6 Ra7 14. c4 bxc4 15. Bxc4 Nbd7 16. Qb3 Nd5 17. Bxd5 1-0


[Site "https://www.chess.com"]

[Event "Titled Tuesday Blitz April 4 Early 2023"]
[White "Tsotsonava, Elene"]
[Black "Gurevich, Dmitry"]
[WhiteFideId "13615939"]
[BlackFideId "2000407"]
[WhiteElo "1829"]
[BlackElo "2506"]
[Result "0-1"]
[Round "03"]
[TimeControl "180+2"]
[Date "2023.04.04"]
[WhiteClock "0:01:26"]
[BlackClock "0:00:52"]

1. e4 c5 2. Nf3 d6 3. d4 cxd4 4. Nxd4 Nf6 5. Nc3 Nc6 6. Bg5 g6 7. Qd2 Bg7 8. O-O-O Nxd4 9. Qxd4 O-O 10. e5 Nd7 11. f4 dxe5 12. fxe5 Bxe5 13. Qb4 Qb6 14. Qxb6 Nxb6 15. Bxe7 Re8 16. Bb4 Bg4 17. Bb5 Bxd1 18. Bxe8 Rxe8 19. Rxd1 Bxh2 20. Bc5 Bf4+ 21. Kb1 h5 22. Bxb6 axb6 23. Nd5 Bg5 24. Nxb6 Re2 25. a4 Rxg2 26. Rd7 h4 27. Rd1 h3 28. Rh1 h2 29. Ka2 Bf4 30. Nd5 Rg1 31. Nxf4 Rxh1 32. Ne2 Rg1 0-1


[Site "https://www.chess.com"]

[Event "Titled Tuesday Blitz April 4 Early 2023"]
[White "Putri, Regita Desyari"]
[Black "Francisco Guecamburu, Candela Be"]
[WhiteFideId "7109083"]
[BlackFideId "160911"]
[WhiteElo "1930"]
[BlackElo "2326"]
[Result "0-1"]
[Round "03"]
[TimeControl "180+2"]
[Date "2023.04.04"]
[WhiteClock "0:01:11"]
[BlackClock "0:02:25"]

1. d4 Nf6 2. c4 c5 3. Nf3 cxd4 4. Nxd4 g6 5. Nc3 Bg7 6. e4 d6 7. Be2 O-O 8. O-O Nc6 9. Be3 Nxd4 10. Bxd4 Bd7 11. f3 a5 12. b3 Bc6 13. Qd2 Nd7 14. Be3 Nc5 15. Rab1 Be5 16. Rfd1 e6 17. Bf1 Qh4 18. g3 Qf6 19. Bg2 Bxc3 20. Qxd6 Na6 21. Qd3 Rfd8 22. Qe2 Bd4 23. f4 Bxe3+ 24. Qxe3 Qe7 25. h4 Qc5 26. Kf2 a4 27. Qxc5 Nxc5 28. Rxd8+ Rxd8 29. Ke3 axb3 30. axb3 Rd3+ 31. Ke2 Rxb3 0-1


[Site "https://www.chess.com"]

[Event "Titled Tuesday Blitz April 4 Early 2023"]
[White "Barria Santos, Jose Guilherme"]
[Black "Bayo Milagro, Alvaro"]
[WhiteFideId "1939300"]
[BlackFideId "22275240"]
[WhiteElo "2266"]
[BlackElo "2270"]
[Result "0-1"]
[Round "03"]
[TimeControl "180+2"]
[Date "2023.04.04"]
[WhiteClock "0:00:14"]
[BlackClock "0:01:07"]

1. e4 e5 2. Nf3 Nc6 3. Bb5 a6 4. Ba4 Nge7 5. O-O g6 6. c3 Bg7 7. Re1 O-O 8. d4 exd4 9. cxd4 b5 10. Bc2 d6 11. h3 Nb4 12. Bb3 c5 13. a3 Nbc6 14. dxc5 dxc5 15. Nc3 c4 16. Bc2 h6 17. Be3 Be6 18. Qc1 Kh7 19. Rd1 Qc7 20. Nd5 Qb7 21. Nf4 Rad8 22. Nxe6 fxe6 23. a4 Nb4 24. axb5 axb5 25. Bb1 Nec6 26. Nh4 Nd3 27. Bxd3 Rxd3 28. Rxd3 cxd3 29. Qd2 Rd8 30. Ra3 Ne5 31. Ra7 Qxa7 32. Bxa7 Nc4 33. Qf4 d2 34. Qg4 d1=Q+ 35. Qxd1 Rxd1+ 0-1


[Site "https://www.chess.com"]

[Event "Titled Tuesday Blitz April 4 Early 2023"]
[White "Salman, Pavel"]
[Black "Acikel, Mert"]
[WhiteFideId "24153753"]
[BlackFideId "12956465"]
[WhiteElo "2187"]
[BlackElo "2097"]
[Result "0-1"]
[Round "03"]
[TimeControl "180+2"]
[Date "2023.04.04"]
[WhiteClock "0:00:46"]
[BlackClock "0:00:15"]

1. g3 d5 2. Bg2 Nf6 3. Nf3 e6 4. d3 Be7 5. Nbd2 O-O 6. O-O c5 7. e4 Nc6 8. Re1 b5 9. e5 Nd7 10. Nf1 a5 11. h4 a4 12. Bf4 a3 13. b3 Bb7 14. h5 h6 15. Qc1 Qc7 16. g4 Nd4 17. Nxd4 cxd4 18. Ng3 Rfc8 19. Re2 Qd8 20. Qd2 Rc3 21. Rf1 Rac8 22. Qd1 Bg5 23. Bd2 Bxd2 24. Rxd2 Nxe5 25. f4 Nc6 26. f5 Qg5 27. fxe6 fxe6 28. Qe2 Re8 29. Rf2 Ne5 30. Bf3 Bc8 31. Rd1 Qe3 32. Rf1 Rf8 33. Kg2 Nxf3 34. Rxf3 Rxf3 35. Qxf3 Rxc2+ 36. Rf2 Rxf2+ 37. Qxf2 Qxd3 38. Qf4 Qc2+ 39. Kh3 d3 40. Nf1 Qc3 41. Nd2 e5 42. Qf2 e4 43. Qe3 Qf6 44. Kg3 Qg5 45. Qxg5 hxg5 46. Kf2 Be6 47. Ke3 Kf7 48. Kd4 Bxg4 49. Kxd5 e3 50. Ne4 d2 51. Nxg5+ Kg8 52. b4 d1=Q+ 53. Ke4 Bf3+ 54. Nxf3 Qa1 55. Kxe3 Qxa2 56. Kf4 Qc4+ 57. Kg3 Qxb4 58. h6 Qc3 59. h7+ Kxh7 60. Kg4 Qxf3+ 61. Kxf3 a2 62. Kg4 a1=Q 63. Kh5 Qg1 64. Kh4 Kh6 65. Kh3 Qg5 66. Kh2 Kh5 67. Kh1 Qg4 68. Kh2 g6 69. Kh1 g5 70. Kh2 b4 71. Kh1 b3 72. Kh2 b2 73. Kh1 b1=N 74. Kh2 Na3 75. Kh1 Nc4 76. Kh2 Ne5 77. Kh1 Kh4 78. Kh2 Nf3+ 79. Kh1 Qg1# 0-1


[Site "https://www.chess.com"]

[Event "Titled Tuesday Blitz April 4 Early 2023"]
[White "Samarth, J Rao"]
[Black "Sreyas Payyappat"]
[WhiteFideId "46652370"]
[BlackFideId "46674969"]
[WhiteElo "1564"]
[BlackElo "2083"]
[Result "0-1"]
[Round "03"]
[TimeControl "180+2"]
[Date "2023.04.04"]
[WhiteClock "0:00:01"]
[BlackClock "0:00:26"]

1. c4 c5 2. e3 Nf6 3. d4 cxd4 4. exd4 d5 5. Nc3 Nc6 6. Nf3 g6 7. c5 Bg7 8. Bb5 O-O 9. Bxc6 bxc6 10. Ne5 Qc7 11. Qa4 Ne4 12. Nxc6 e6 13. Na5 Ba6 14. Be3 Rab8 15. Nc6 Nxc3 16. Qxa6 Rxb2 17. O-O Kh8 18. Na5 Ne2+ 19. Kh1 Nxd4 20. Nb3 Nc2 0-1


[Site "https://www.chess.com"]

[Event "Titled Tuesday Blitz April 4 Early 2023"]
[White "Necula, Iulian"]
[Black "Sousa, Andre Ventura"]
[WhiteFideId "1232380"]
[BlackFideId "1917617"]
[WhiteElo "1790"]
[BlackElo "2348"]
[Result "0-1"]
[Round "03"]
[TimeControl "180+2"]
[Date "2023.04.04"]
[WhiteClock "0:00:50"]
[BlackClock "0:01:42"]

1. d4 Nf6 2. Nc3 d5 3. Bf4 c6 4. e3 Bf5 5. f3 h6 6. g4 Bh7 7. h4 e6 8. Bd3 Bxd3 9. cxd3 Qb6 10. Qb3 Qxb3 11. axb3 Na6 12. Kd2 Kd7 13. Nge2 Bd6 14. Bxd6 Kxd6 15. Nf4 Nd7 16. g5 e5 17. dxe5+ Nxe5 18. Raf1 hxg5 19. Ng2 gxh4 20. Rxh4 Rxh4 21. Nxh4 Rh8 22. Nf5+ Ke6 23. e4 g6 24. Ne3 d4 25. f4 dxe3+ 26. Kxe3 Rh3+ 27. Ke2 Nxd3 28. f5+ gxf5 29. exf5+ Ke5 30. Na4 Nf4+ 31. Kf2 Rxb3 32. Re1+ Kxf5 33. Re7 f6 34. Rd7 Rb4 0-1


[Site "https://www.chess.com"]

[Event "Titled Tuesday Blitz April 4 Early 2023"]
[White "Semenova, Alina"]
[Black "Arat, Ufuk Sezen"]
[WhiteFideId "24113875"]
[BlackFideId "6309089"]
[WhiteElo "1833"]
[BlackElo "2289"]
[Result "1-0"]
[Round "03"]
[TimeControl "180+2"]
[Date "2023.04.04"]
[WhiteClock "0:00:16"]
[BlackClock "0:00:34"]

1. e4 c5 2. Nf3 e6 3. d4 cxd4 4. Nxd4 Nc6 5. Nc3 Qc7 6. Nxc6 bxc6 7. a3 d5 8. exd5 exd5 9. Bd3 Bd6 10. h3 Ne7 11. O-O Be6 12. Re1 O-O 13. Qh5 Ng6 14. Ne2 c5 15. c3 Rae8 16. Be3 f5 17. f4 Bf7 18. Qf3 c4 19. Bc2 Rxe3 20. Qxe3 Nxf4 21. Nd4 g6 22. Nb5 Qc6 23. Nxd6 Qxd6 24. Qxa7 Rb8 25. Re7 Rf8 26. Rae1 Nxh3+ 27. gxh3 Qg3+ 28. Kh1 Qxe1+ 29. Rxe1 Kg7 30. Qe7 Rg8 31. Qe5+ Kh6 32. Qf4+ g5 33. Qxf5 Bg6 34. Qe6 Rf8 35. h4 Kh5 36. Bxg6+ hxg6 37. hxg5 Rf4 38. Qh3+ Rh4 39. Qxh4+ Kxh4 40. Re5 Kg4 41. Rxd5 Kf4 42. Rc5 Ke4 43. Rxc4+ Kd3 44. Rd4+ Kc2 45. Kg1 Kb3 46. Kf2 Kxb2 47. Kf3 Kxa3 48. Ke4 Kb3 49. Ke5 Kxc3 50. Rd6 Kc4 51. Kf6 Kc5 52. Kxg6 Kxd6 53. Kf7 Kd7 54. g6 Kd6 55. g7 Kd5 56. g8=Q Kc5 57. Qe8 1-0


[Site "https://www.chess.com"]

[Event "Titled Tuesday Blitz April 4 Early 2023"]
[White "Dudzinski, Pawel"]
[Black "Kollars, Dmitrij"]
[WhiteFideId "1117890"]
[BlackFideId "12909572"]
[WhiteElo "2099"]
[BlackElo "2584"]
[Result "0-1"]
[Round "03"]
[TimeControl "180+2"]
[Date "2023.04.04"]
[WhiteClock "0:00:03"]
[BlackClock "0:00:35"]

1. e4 c5 2. c4 Nc6 3. Nc3 g6 4. g3 Bg7 5. Bg2 e6 6. Nge2 Nge7 7. Rb1 h5 8. h3 d6 9. a3 a5 10. d3 O-O 11. O-O Rb8 12. Nb5 b6 13. d4 cxd4 14. Nexd4 Nxd4 15. Nxd4 Ba6 16. b3 d5 17. exd5 exd5 18. Bg5 Qd7 19. Bxe7 Qxe7 20. Bxd5 Qxa3 21. Re1 Qc5 22. Nc6 Rbe8 23. Qd3 Rxe1+ 24. Rxe1 Kh7 25. Kg2 b5 26. cxb5 Bxb5 27. Qf3 f5 28. Re6 Qc1 29. Ne7 Rf6 30. Rxf6 Bxf6 31. Nxf5 gxf5 32. Qxf5+ Kg7 33. Qxh5 Qf1+ 34. Kh2 Qxf2+ 35. Kh1 Qe1+ 36. Kg2 Qd2+ 37. Kh1 Be8 38. Qg4+ Bg6 39. Be4 Qe1+ 40. Kg2 Qxe4+ 0-1


[Site "https://www.chess.com"]

[Event "Titled Tuesday Blitz April 4 Early 2023"]
[White "Lobanov, Sergei"]
[Black "Manukyan, Artyom"]
[WhiteFideId "24183750"]
[BlackFideId "13305786"]
[WhiteElo "2489"]
[BlackElo "2078"]
[Result "1-0"]
[Round "03"]
[TimeControl "180+2"]
[Date "2023.04.04"]
[WhiteClock "0:00:18"]
[BlackClock "0:00:04"]

1. Nf3 d5 2. g3 e6 3. Bg2 Nf6 4. O-O Be7 5. d4 O-O 6. c4 dxc4 7. Qc2 a6 8. a4 Bd7 9. Qxc4 Bc6 10. Bg5 Nbd7 11. Nbd2 h6 12. Bxf6 Nxf6 13. Qc2 Bxf3 14. Nxf3 c6 15. a5 Rc8 16. Qb3 Qc7 17. Rfc1 Rfd8 18. e3 Rd5 19. Ne5 Rb5 20. Qa2 Nd5 21. Bf1 Nb4 22. Qa4 Rd5 23. Rc4 Rb5 24. Rc3 Rd5 25. Rb3 c5 26. Rc1 Qd8 27. Bg2 cxd4 28. Rxc8 Qxc8 29. Bxd5 Qc1+ 30. Kg2 dxe3 31. Qe8+ Kh7 32. Be4+ f5 33. Qg6+ Kh8 34. Nf7+ Kg8 35. Nxh6+ Kh8 36. Rxe3 fxe4 37. Nf7+ Kg8 38. Qxe6 Qc6 39. Qxe7 1-0


[Site "https://www.chess.com"]

[Event "Titled Tuesday Blitz April 4 Early 2023"]
[White "Lach, Aleksandra"]
[Black "Staudenhocker43"]
[WhiteFideId "1134299"]
[WhiteElo "2111"]
[BlackElo "2550"]
[Result "0-1"]
[Round "03"]
[TimeControl "180+2"]
[Date "2023.04.04"]
[WhiteClock "0:00:59"]
[BlackClock "0:00:30"]

1. Nf3 Nf6 2. g3 g6 3. Bg2 Bg7 4. O-O O-O 5. d3 c5 6. e4 d6 7. Nc3 Nc6 8. Qd2 Rb8 9. a4 a6 10. b3 b5 11. axb5 axb5 12. Bb2 e5 13. h3 h6 14. Nh2 Nh5 15. Ne2 Nd4 16. Bxd4 cxd4 17. g4 Nf6 18. f4 Bd7 19. Nf3 Nh7 20. f5 g5 21. c3 dxc3 22. Nxc3 Nf6 23. Rfd1 b4 24. Ne2 Re8 25. Qe3 Bb5 26. Kh1 d5 27. Qc5 Qe7 28. Qxe7 Rxe7 29. exd5 e4 30. Ned4 exf3 31. Bxf3 Nxg4 32. hxg4 Bxd4 33. Ra5 Be5 34. Be4 Be8 35. Kg2 Kg7 36. Kf3 f6 37. Ra6 Rd7 38. Rc1 Bf7 39. Rc5 Rbd8 40. Raa5 Bd4 41. Rc4 Bc3 42. Rcc5 h5 43. gxh5 Bxh5+ 44. Ke3 Bf7 45. d4 g4 46. Kd3 g3 47. Kc4 Re7 48. Kd3 Rxe4 49. Kxe4 g2 50. Ra2 0-1


[Site "https://www.chess.com"]

[Event "Titled Tuesday Blitz April 4 Early 2023"]
[White "Demin, Vladimir"]
[Black "Vivas Zamora, Fabian Ernesto"]
[WhiteFideId "4167457"]
[BlackFideId "3902480"]
[WhiteElo "2542"]
[BlackElo "2262"]
[Result "1-0"]
[Round "03"]
[TimeControl "180+2"]
[Date "2023.04.04"]
[WhiteClock "0:01:34"]
[BlackClock "0:00:02"]

1. e4 c5 2. Nf3 d6 3. d4 cxd4 4. Qxd4 Nf6 5. Nc3 Nc6 6. Bb5 Bd7 7. Bxc6 Bxc6 8. Bg5 e6 9. O-O-O Be7 10. Qd3 O-O 11. Nd4 Qa5 12. f4 Rfc8 13. f5 e5 14. Nb3 Qb4 15. Bxf6 Bxf6 16. Qxd6 a5 17. a3 Qb6 18. Nd5 Bg5+ 19. Kb1 Qf2 20. Rhf1 Qxc2+ 21. Kxc2 Bxd5+ 22. Nc5 Bxe4+ 23. Kb3 Rc6 24. Nxe4 Rxd6 25. Rxd6 h6 26. Nxg5 hxg5 27. f6 1-0


[Site "https://www.chess.com"]

[Event "Titled Tuesday Blitz April 4 Early 2023"]
[White "koncheto"]
[Black "Perez Rodriguez, Jennifer"]
[BlackFideId "3507831"]
[WhiteElo "2522"]
[BlackElo "2116"]
[Result "1-0"]
[Round "03"]
[TimeControl "180+2"]
[Date "2023.04.04"]
[WhiteClock "0:02:07"]
[BlackClock "0:02:11"]

1. e4 e5 2. Nf3 Nc6 3. d4 exd4 4. Bc4 Nf6 5. O-O Nxe4 6. Nc3 dxc3 7. Bxf7+ Kxf7 8. Qd5+ Ke8 9. Re1 Be7 10. Rxe4 Rf8 11. Bg5 Rf7 12. Bxe7 Nxe7 13. Ng5 1-0


[Site "https://www.chess.com"]

[Event "Titled Tuesday Blitz April 4 Early 2023"]
[White "Turzo, Attila"]
[Black "HamedWafa4"]
[WhiteFideId "704954"]
[WhiteElo "2519"]
[BlackElo "2364"]
[Result "1-0"]
[Round "03"]
[TimeControl "180+2"]
[Date "2023.04.04"]
[WhiteClock "0:00:06"]
[BlackClock "0:00:02"]

1. e4 e5 2. Nf3 Nc6 3. d4 exd4 4. Nxd4 Bc5 5. Nxc6 bxc6 6. Bd3 Qh4 7. O-O Nf6 8. Qf3 O-O 9. Nc3 d6 10. Qg3 Qxg3 11. hxg3 Re8 12. Bd2 Rb8 13. b3 Bb7 14. Rae1 Bd4 15. Ne2 Bb6 16. Nf4 g5 17. Nh3 h6 18. Bc3 Ng4 19. Kh1 c5 20. f3 Ne5 21. Be2 Nc6 22. Nf2 Nd4 23. Bd3 Bc8 24. Nd1 Be6 25. Ne3 Rbd8 26. g4 Kg7 27. Bd2 Nc6 28. Nf5+ Bxf5 29. exf5 Ne5 30. Bb5 c6 31. Ba6 d5 32. Bc3 f6 33. g3 d4 34. Bd2 c4 35. Kg2 c3 36. Bc1 d3 37. cxd3 Ba5 38. Re2 Rd4 39. Rd1 Red8 40. Be3 R4d5 41. d4 Nd7 42. Bc4 Rd6 43. Rc1 Nb6 44. Rec2 Nxc4 45. bxc4 Bb4 46. Kf2 a5 47. a4 Re8 48. Re1 Rd7 49. Ree2 Rde7 50. Bc1 Kf7 51. Rxe7+ Rxe7 52. Re2 Rd7 53. Re4 Rc7 54. Ke2 Rb7 55. Kd3 Rd7 56. Kc2 Rb7 57. Re6 Rc7 58. Kd3 Rb7 59. Rxc6 Re7 60. Re6 Rxe6 61. fxe6+ Kxe6 62. Ke4 Kd6 63. Be3 Kc6 64. d5+ Kd7 65. Kd3 Kd6 66. Bd4 1-0


[Site "https://www.chess.com"]

[Event "Titled Tuesday Blitz April 4 Early 2023"]
[White "Kujawski, Adam"]
[Black "Padmini, Rout"]
[WhiteFideId "1100920"]
[BlackFideId "5029295"]
[WhiteElo "2054"]
[BlackElo "2314"]
[Result "0-1"]
[Round "03"]
[TimeControl "180+2"]
[Date "2023.04.04"]
[WhiteClock "0:00:05"]
[BlackClock "0:01:17"]

1. e4 e6 2. d4 d5 3. Nc3 Nf6 4. Bg5 dxe4 5. Nxe4 Be7 6. Bxf6 gxf6 7. Nf3 f5 8. Ng3 a6 9. Ne5 Nd7 10. f4 Nxe5 11. fxe5 c5 12. c3 cxd4 13. cxd4 Qb6 14. Rc1 Qxb2 15. Rc2 Qb4+ 16. Kf2 Bd7 17. Be2 Ba4 18. Bd3 Qxd4+ 19. Kf3 Qd5+ 20. Kf2 Bxc2 21. Qxc2 Bc5+ 22. Kf1 Qxe5 23. Ne2 O-O 24. h4 Rac8 25. Qb1 Rfd8 26. Rh3 Be3 27. Rg3+ Kh8 28. Qxb7 Qa1+ 29. Bb1 Rd1# 0-1


[Site "https://www.chess.com"]

[Event "Titled Tuesday Blitz April 4 Early 2023"]
[White "Mushini Ajay"]
[Black "Weishaeutel, Moritz"]
[WhiteFideId "35066188"]
[BlackFideId "12967300"]
[WhiteElo "2145"]
[BlackElo "2301"]
[Result "0-1"]
[Round "03"]
[TimeControl "180+2"]
[Date "2023.04.04"]
[WhiteClock "0:01:55"]
[BlackClock "0:01:29"]

1. e4 e5 2. Nf3 Nf6 3. Nxe5 Nc6 4. Nxc6 dxc6 5. d4 Nxe4 6. Bd3 Nf6 7. c3 Bg4 8. Qc2 Bd6 9. Bg5 Qe7+ 10. Kf1 h6 11. Bh4 g5 12. Bg3 O-O-O 13. Nd2 Rhe8 14. Nc4 Bxg3 15. hxg3 c5 16. Ne5 h5 17. Bf5+ Kb8 18. Qd2 Qxe5 19. dxe5 Rxd2 20. exf6 Bxf5 21. Rxh5 b6 22. Rxg5 Bd3+ 23. Kg1 Ree2 24. Rf5 Bxf5 0-1


[Site "https://www.chess.com"]

[Event "Titled Tuesday Blitz April 4 Early 2023"]
[White "ibove"]
[Black "Forgacs, Attila Jr."]
[BlackFideId "773654"]
[WhiteElo "2316"]
[BlackElo "2168"]
[Result "0-1"]
[Round "03"]
[TimeControl "180+2"]
[Date "2023.04.04"]
[WhiteClock "0:00:11"]
[BlackClock "0:00:16"]

1. d4 Nf6 2. Nf3 g6 3. b3 Bg7 4. Bb2 O-O 5. Nbd2 d6 6. e3 Nc6 7. Be2 e5 8. dxe5 Nd7 9. O-O Ndxe5 10. Nxe5 dxe5 11. Qc1 Be6 12. a3 f5 13. Bc4 Qe7 14. Rd1 Rad8 15. Bxe6+ Qxe6 16. Nc4 f4 17. Rxd8 Nxd8 18. exf4 exf4 19. Bxg7 Kxg7 20. f3 Nc6 21. Qe1 Re8 22. Kf2 Nd4 23. Qxe6 Rxe6 24. Rd1 c5 25. c3 Nxb3 26. Rd7+ Kf6 27. Rxb7 Nc1 28. Rb1 Re2+ 29. Kf1 Rc2 30. Nd6 Nd3 31. Rd1 Ne5 32. Ne4+ Kf5 33. Rd6 Nc4 34. Rd8 Ne3+ 35. Ke1 Nxg2+ 36. Kd1 Ne3+ 37. Ke1 Rxh2 38. Rf8+ Ke5 39. Re8+ Kd5 40. Rd8+ Kc6 41. Rc8+ Kb6 42. Rf8 Kb5 43. Rb8+ Kc4 44. Rc8 Rh5 45. Kf2 Nd1+ 46. Ke1 Nxc3 47. Nd6+ Kd3 48. Rd8 Ke3 49. Re8+ Kxf3 50. Kd2 Rd5+ 51. Kxc3 Rxd6 52. Re7 g5 53. Rxa7 g4 54. Rxh7 g3 55. Rh8 g2 56. Rg8 Kf2 57. Rg4 f3 58. Rf4 g1=Q 0-1


[Site "https://www.chess.com"]

[Event "Titled Tuesday Blitz April 4 Early 2023"]
[White "Tagliata"]
[Black "Jovic, Stanoje"]
[BlackFideId "905020"]
[WhiteElo "2291"]
[BlackElo "2236"]
[Result "0-1"]
[Round "03"]
[TimeControl "180+2"]
[Date "2023.04.04"]
[WhiteClock "0:00:03"]
[BlackClock "0:00:04"]

1. e4 c6 2. Nc3 d5 3. Nf3 dxe4 4. Nxe4 Nf6 5. Qe2 Bg4 6. Nxf6+ gxf6 7. Qe4 Bh5 8. c3 Nd7 9. Bc4 Bg6 10. Qe3 Qb6 11. Qe2 Rg8 12. d4 Bh5 13. O-O O-O-O 14. Kh1 e5 15. Be3 Qc7 16. Bd3 Re8 17. Qc2 Bxf3 18. gxf3 exd4 19. Bxd4 Bd6 20. f4 Bxf4 21. f3 c5 22. Bg1 Be3 23. Be4 Bxg1 24. Rxg1 Qf4 25. Rxg8 Rxg8 26. Rg1 Rxg1+ 27. Kxg1 Ne5 28. Kg2 f5 29. Bxf5+ Kc7 30. Be4 h5 31. c4 h4 32. Qf2 b6 33. b3 f5 34. Bd5 Ng6 35. Qe2 h3+ 36. Kf1 Ne5 37. Qe1 Kd6 38. Qe2 a5 39. Kg1 Qd4+ 40. Kf1 a4 41. Ke1 a3 42. Kf1 Qa1+ 43. Kf2 Qb2 44. Kg3 Qxe2 0-1


[Site "https://www.chess.com"]

[Event "Titled Tuesday Blitz April 4 Early 2023"]
[White "Mikhaylova, Irina"]
[Black "UNSTOPPABLE_LEGEND"]
[WhiteFideId "4109040"]
[WhiteElo "1975"]
[BlackElo "2494"]
[Result "0-1"]
[Round "03"]
[TimeControl "180+2"]
[Date "2023.04.04"]
[WhiteClock "0:00:09"]
[BlackClock "0:01:10"]

1. d4 Nf6 2. Nf3 Ng8 3. c4 Nc6 4. Nc3 Nb8 5. e4 e6 6. Be2 d6 7. O-O Nd7 8. Be3 Be7 9. d5 Ngf6 10. Nd4 e5 11. Nf5 O-O 12. b4 a5 13. a3 Re8 14. Nxe7+ Qxe7 15. Qc2 Nf8 16. f3 Ng6 17. Rfe1 Nh5 18. Bf1 Ngf4 19. c5 Bd7 20. Rac1 g5 21. Nb5 Rec8 22. Qd2 g4 23. g3 Ng6 24. c6 bxc6 25. dxc6 Be6 26. fxg4 Bxg4 27. Be2 Qe6 28. Bxg4 Qxg4 29. Qg2 Kh8 30. Nc3 Rg8 31. Kh1 Ngf4 32. Qf2 Nd3 33. Qe2 Qxe2 34. Nxe2 Nxc1 35. Rxc1 Nf6 36. Nc3 Rg4 37. b5 Nxe4 38. Nxe4 Rxe4 39. b6 cxb6 40. Bxb6 Rc8 41. Bxa5 Ra4 42. Bb4 d5 43. Bd6 e4 44. Rf1 Rxc6 45. Be5+ Kg8 46. Rb1 Rc8 47. Rf1 Re8 48. Bf6 e3 49. Rf5 e2 0-1


[Site "https://www.chess.com"]

[Event "Titled Tuesday Blitz April 4 Early 2023"]
[White "TheKnightOfBosnia"]
[Black "Rosenberg, Evan S"]
[BlackFideId "2019299"]
[WhiteElo "2493"]
[BlackElo "2191"]
[Result "0-1"]
[Round "03"]
[TimeControl "180+2"]
[Date "2023.04.04"]
[WhiteClock "0:00:11"]
[BlackClock "0:00:06"]

1. e4 e5 2. Nf3 Nc6 3. Bb5 Nf6 4. Nc3 Nd4 5. Bc4 Bc5 6. Nxe5 Qe7 7. Nxf7 d5 8. Nxh8 dxc4 9. d3 Bg4 10. f3 Be6 11. b3 O-O-O 12. bxc4 Rxh8 13. Ne2 Nh5 14. c3 Qh4+ 15. Kd2 Nxe2 16. Qxe2 Nf4 17. g3 Nxe2 18. gxh4 Nf4 19. d4 Be7 20. d5 Bh3 21. Ke3 Rf8 22. Kf2 Bxh4+ 23. Ke3 Bg5 24. e5 Nxd5+ 25. Kd4 Bxc1 26. cxd5 Bh6 27. Rhg1 Rxf3 28. Rae1 b6 29. Rg3 Rf4+ 30. Kd3 Bf5+ 31. Ke2 Re4+ 32. Kf2 Ra4 33. Re2 Kd7 34. Rf3 g6 35. e6+ Ke7 36. h3 Rc4 37. Kg2 a5 38. Rb2 Bg7 39. Rb3 a4 40. Rb4 Rxc3 41. Rxc3 Bxc3 42. Rxa4 b5 43. Ra7 Be5 44. Rb7 Bd3 45. Kf3 Bc4 46. Ke4 Bd6 47. a4 bxa4 48. Ra7 a3 49. Kd4 Bb3 50. Kc3 Bxd5 51. Kd4 Bxe6 52. h4 a2 53. Ke4 Kd7 54. h5 Bf8 55. hxg6 hxg6 56. Kf4 Bg7 57. Kg5 a1=Q 58. Rxa1 Bxa1 59. Kxg6 c5 60. Kg5 Kd6 61. Kf4 c4 62. Ke3 Bf5 63. Kd2 Kd5 64. Kc1 c3 65. Kd1 Bb2 66. Ke2 c2 67. Kf2 c1=Q 68. Kg2 Qd2+ 69. Kg3 Qe3+ 70. Kh4 Bf6+ 71. Kh5 Qh3# 0-1


[Site "https://www.chess.com"]

[Event "Titled Tuesday Blitz April 4 Early 2023"]
[White "Miszler, Levente"]
[Black "Levine, David"]
[WhiteFideId "763276"]
[BlackFideId "2011611"]
[WhiteElo "2176"]
[BlackElo "2093"]
[Result "1-0"]
[Round "03"]
[TimeControl "180+2"]
[Date "2023.04.04"]
[WhiteClock "0:01:24"]
[BlackClock "0:00:45"]

1. Nf3 d5 2. c4 e6 3. g3 Nf6 4. Bg2 Be7 5. O-O O-O 6. d3 dxc4 7. dxc4 c5 8. Nc3 Nc6 9. Bf4 Nh5 10. Be3 Bd7 11. Qc2 Qc7 12. Rfd1 Rfd8 13. Nb5 Qb8 14. Rd2 a6 15. Nc3 Nb4 16. Qb3 Qc7 17. Rad1 Nc6 18. Ne4 Na5 19. Qc3 Bc6 20. Nxc5 Rxd2 21. Rxd2 Bxf3 22. Bxf3 Bxc5 23. Bxh5 Bxe3 24. Qxe3 Nxc4 25. Qc3 Rc8 26. Rc2 b5 27. b3 Qe5 28. Qxe5 1-0


[Site "https://www.chess.com"]

[Event "Titled Tuesday Blitz April 4 Early 2023"]
[White "Florescu, Codrut-Constantin"]
[Black "Garrido, Denis"]
[WhiteFideId "1202200"]
[BlackFideId "601217"]
[WhiteElo "2191"]
[BlackElo "2329"]
[Result "0-1"]
[Round "03"]
[TimeControl "180+2"]
[Date "2023.04.04"]
[WhiteClock "0:00:23"]
[BlackClock "0:00:02"]

1. e4 e5 2. Nf3 Nc6 3. Bc4 Nf6 4. d3 Bc5 5. h3 d6 6. c3 a6 7. a4 Ba7 8. Nbd2 O-O 9. Nf1 Be6 10. Bxe6 fxe6 11. Ng3 Qe8 12. O-O a5 13. Be3 Bxe3 14. fxe3 Nh5 15. Nxh5 Qxh5 16. Nd2 Qg5 17. Qe2 Ne7 18. Nc4 b6 19. Na3 c6 20. Nc4 Rxf1+ 21. Rxf1 Nc8 22. Qf3 Qe7 23. Qg4 Rb8 24. Rf3 Na7 25. b4 axb4 26. cxb4 Nc8 27. Kh2 b5 28. Na5 Na7 29. axb5 Rxb5 30. Rf2 Rxb4 31. Nc4 Rb8 32. Ra2 Nb5 33. Ra6 Qd7 34. Na5 Rc8 35. Rb6 h6 36. Nxc6 Rxc6 37. Rxb5 Kh7 38. Rb8 Rc8 39. Rb6 Rf8 40. h4 Qc7 41. Rb2 g6 42. Qxe6 Qd8 43. Rb7+ Kh8 44. g3 Rf6 45. Qd7 Qxd7 46. Rxd7 Kg8 47. Kh3 h5 48. Kg2 Kf8 49. g4 Ke8 50. Rh7 hxg4 51. Kg3 Rf1 52. Kxg4 Rd1 53. Kg5 Rxd3 54. Kxg6 Rxe3 55. h5 Rxe4 56. h6 Rh4 57. Ra7 e4 58. h7 e3 59. h8=Q+ Rxh8 60. Ra8+ Ke7 61. Rxh8 d5 62. Kf5 e2 63. Rh1 d4 64. Re1 d3 65. Ke4 d2 66. Rxe2 d1=Q 67. Kf3+ Kf6 68. Kf2 Kf5 69. Ke3 Qb3+ 70. Kf2 Qb6+ 71. Kf3 Qb3+ 72. Kf2 Kf4 73. Rd2 Qb6+ 74. Ke2 Qe3+ 75. Kd1 Qb3+ 76. Ke2 Qc4+ 77. Kf2 Qc5+ 78. Ke2 Qe3+ 79. Kd1 Kf3 80. Rc2 Qd3+ 81. Kc1 Ke3 82. Rb2 Qc3+ 83. Kb1 Kd3 84. Ra2 Qb3+ 85. Ka1 Qd1+ 86. Kb2 Qc2+ 87. Ka3 Qc3+ 88. Ka4 Kd4 89. Ra3 Qc4+ 90. Ka5 Qc5+ 91. Ka4 Qb6 92. Rb3 Qa6+ 93. Kb4 Qd6+ 94. Ka4 Kc4 0-1


[Site "https://www.chess.com"]